 Dungeon Crawl Stone Soup version 0.28.0-53-g5a82cb258f (webtiles) character file.

Game seed: 16472428123439028086

0 moldycheese5 the Conjurer (level 1, 0/10 HPs)
             Began as a Deep Elf Conjurer on June 20, 2022.
             Frozen to death by an endoplasm (2 damage)
             ... on level 1 of the Dungeon.
             The game lasted 00:00:13 (29 turns).

moldycheese5 the Conjurer (Deep Elf Conjurer)         Turns: 29, Time: 00:00:14

Health: 0/10       AC:  2    Str:  4    XL:     1   Next: 0%
Magic:  6/6        EV: 12    Int: 22    God:
Gold:   0          SH:  0    Dex: 13    Spells: 5/6 levels left

rFire   . . .      SeeInvis .   (no weapon)
rCold   . . .      Faith    .   (no shield)
rNeg    . . .      Spirit   .   a - +0 robe
rPois   .          Reflect  .   (no helmet)
rElec   .          Harm     .   (no cloak)
rCorr   .          Rampage  .   (no gloves)
Will    .....                   (no boots)
Stlth   ++........              (no amulet)
HPRegen 0.03/turn               (no ring)
MPRegen 0.10/turn               (no ring)

@: no status effects
A: no striking features
a: no special abilities


You were on level 1 of the Dungeon.
You visited 1 branch of the dungeon, and saw 1 of its levels.

Inventory:

Armour
 a - a +0 robe (worn)
Scrolls
 b - a scroll of amnesia {unknown}


   Skills:
 + Level 2.4 Dodging
 + Level 2.4 Stealth
 + Level 3.0 Spellcasting
 + Level 4.3 Conjurations


You had 5 spell levels left.
You knew the following spells:

 Your Spells              Type           Power      Damage    Failure   Level
a - Magic Dart            Conj           88%        1d7       1%          1

Your spell library contained the following spells:

 Spells                   Type           Power      Damage    Failure   Level
 Searing Ray              Conj           44%        2d6       3%          2
 Dazzling Flash           Conj/Hex       24%        N/A       16%         3
 Fulminant Prism          Conj/Hex       6%         3d7       45%         4
 Iskenderun's Mystic Bla  Conj/Tloc      12%        2d5       45%         4


Dungeon Overview and Level Annotations

Branches:
Dungeon (1/15)

Altars:


Message History

The goblin hits the plant with a +1 dagger of venom.
The endoplasm hits the plant.
You hit the plant.
The plant is lightly damaged.
The goblin hits the plant with a +1 dagger of venom.
The endoplasm hits the plant.
You hit the plant.
The plant is lightly damaged.
A nearby plant withers and dies. x3
The goblin hits the plant with a +1 dagger of venom.
You hit the endoplasm but do no damage.
A nearby plant withers and dies.
The endoplasm freezes you.
You are frozen.
Ouch! That really hurt!
You are too injured to fight recklessly!
You are too injured to fight recklessly!
You are too injured to fight recklessly!
You are too injured to fight recklessly!
You are too injured to fight recklessly!
You are too injured to fight recklessly!
You hit the endoplasm but do no damage. The bat barely misses you.
The goblin hits the plant with a +1 dagger of venom.
The plant begins to die.
The endoplasm barely misses you.
You hit the endoplasm.
The endoplasm is lightly wounded.
The bat barely misses you.
The goblin hits the plant with a +1 dagger of venom.
The plant begins to die.
The bat misses you. The endoplasm freezes you.
You are frozen.
* * * LOW HITPOINT WARNING * * *
You hit the endoplasm but do no damage.
The endoplasm is lightly wounded.
The bat hits you but does no damage.
The goblin hits the plant with a +1 dagger of venom.
The plant is poisoned.
The bat hits you.
* * * LOW HITPOINT WARNING * * *
The endoplasm freezes you.
You are frozen.
You die...
PPPP..<..PPPPPPP.P......
PPP.PP.PP.PPPPPP..###...
PP.PPP.PPP.PPPPP.P.# P.PPP.P.PPP.PPP.PP.##.
P.PP.PPP.PP.PP.PP...... ....PPPPP.....PPPg###.># P.PP.PPP.PP.PP.PPP...[.# P.PPP.P.PPP.PPP.PP####.# PP.PPP.PPP.PPPPP@J......
PPP.PP.PP.PPPPPP.b.###.# PPPP.....PPPPPPP.P....
PPPPP.PPPPPPPPP.P.##...
PPPP.PPPPPPPPP.P.# .# .PPPPPPP.PP.# . .PPPPP.PPP.. .....PPPP...

You could see an endoplasm, a goblin and a bat.

Vanquished Creatures (others)
  5 plants (D:1)
5 creatures vanquished.

Notes
Turn   | Place    | Note
-------+----------+-------------------------------------------
     0 | D:1      | moldycheese5 the Deep Elf Conjurer began the quest for the
                  | Orb.
     0 | D:1      | Reached XP level 1. HP: 10/10 MP: 6/6
    29 | D:1      | Frozen to death by an endoplasm

Illustrated notes

Levels and vault maps discovered:
D:1:      roderic_crop_circles_arrival_large, layout_loops_corners,
          dreamdust_ecumenical_altar_hidden_monk_grotto, serial_shops,
          nicolae_shop_trees

Action                   || total
-------------------------++-------
Melee: Unarmed           ||     7
Armor: Robe              ||     1
Dodge: Dodged            ||     4
